Map: Ever Dream LE

Players

TLHarstem (Harstem)

  • Race: Protoss Protoss
  • League: Master
  • Spawn Location: 1:00

LiquidClem (Clem) - Winner!

  • Race: Terran Terran
  • League: Grandmaster
  • Spawn Location: 7:00

Event: StayAtHomestory Cup #1

VOD

Have the link to the VOD?

Description

Time

  • Played on: April 10, 2020, 11:33 a.m.
  • Length: 13:38

All games in this series

Show
View Real Time Build Order
Export as new Build Order

TLHarstem Protoss 

Build Orders: 1 Gate Expand, Oracle Opening, Phoenix Opening, Zealot Archon 

Get SALT Encoding   

  12  0:00  Probe  
  13  0:13  Probe  
  14  0:17  Pylon  
  14  0:25  Probe  
  15  0:35  Gateway  
  15  0:37  Probe (Chrono Boost)  
  16  0:46  Probe (Chrono Boost), Assimilator  
  17  0:51  Probe (Chrono Boost)  
  18  1:03  Probe  
  19  1:15  Probe  
  20  1:22  Nexus  
  20  1:32  Cybernetics Core  
  20  1:35  Probe  
  21  1:42  Assimilator  
  21  1:48  Probe  
  21  1:51  Pylon  
  22  2:00  Probe  
  23  2:06  Adept (Chrono Boost)  
  23  2:12  Probe  
  26  2:18  Stargate  
  26  2:24  Probe (Chrono Boost)  
  26  2:26  Adept (Chrono Boost)  
  29  2:31  Warp Gate  
  29  2:34  Probe (Chrono Boost)  
  31  2:42  Probe (Chrono Boost)  
  32  2:44  Probe (Chrono Boost)  
  32  2:49  Probe x2 (Chrono Boost)  
  34  3:00  Probe x2  
  34  3:02  Phoenix (Chrono Boost)  
  38  3:07  Gateway  
  38  3:12  Probe x2  
  40  3:18  Pylon  
  40  3:24  Probe x2, Phoenix (Chrono Boost)  
  44  3:33  Pylon  
  44  3:36  Probe x2  
  45  3:49  Probe x2  
  45  3:50  Pylon  
  45  3:52  Oracle (Chrono Boost)  
  45  3:53  Nexus  
  50  4:01  Probe x2  
  52  4:06  Pylon  
  52  4:13  Probe  
  52  4:15  Shield Battery  
  52  4:16  Assimilator  
  53  4:20  Zealot x2, Phoenix (Chrono Boost)  
  53  4:23  Probe  
  60  4:26  Probe  
  61  4:35  Probe, Pylon  
  61  4:36  Phoenix (Chrono Boost)  
  64  4:41  Probe  
  64  4:44  Adept, Zealot  
  69  4:51  Probe, Forge  
  70  4:54  Probe  
  70  4:59  Phoenix (Chrono Boost)  
  73  5:01  Twilight Council  
  73  5:06  Zealot  
  76  5:08  Stalker  
  76  5:09  Probe  
  76  5:10  Probe  
  76  5:12  Probe  
  79  5:18  Phoenix (Chrono Boost)  
  79  5:21  Probe  
  82  5:22  Probe  
  82  5:24  Probe  
  84  5:30  Zealot  
  84  5:33  Probe  
  86  5:39  Zealot  
  86  5:42  Protoss Ground Armor Level 1 (Chrono Boost)  
  86  5:44  Probe  
  86  5:50  Charge (Chrono Boost)  
  86  5:52  Pylon  
  86  5:54  Pylon  
  86  5:57  Probe  
  86  5:59  Gateway  
  86  6:00  Pylon  
  86  6:01  Gateway  
  87  6:07  Zealot x2  
  87  6:10  Probe  
  84  6:15  Probe  
  77  6:19  Probe  
  77  6:21  Gateway  
  77  6:22  Probe  
  77  6:23  Robotics Facility, Gateway  
  73  6:28  Probe (Chrono Boost)  
  73  6:31  Probe (Chrono Boost)  
  75  6:34  Sentry, Zealot  
  75  6:38  Probe (Chrono Boost)  
  75  6:39  Forge  
  81  6:41  Assimilator  
  81  6:43  Probe (Chrono Boost), Shield Battery  
  81  6:45  Probe (Chrono Boost), Assimilator  
  83  6:49  Probe x2 (Chrono Boost)  
  83  6:52  Probe (Chrono Boost), Gateway  
  83  6:53  Gateway  
  85  6:55  Zealot  
  85  6:56  Sentry  
  85  6:58  Probe, Zealot  
  93  7:04  Templar Archives  
  92  7:12  Photon Cannon  
  92  7:14  Warp Prism  
  94  7:18  Protoss Ground Weapons Level 1 (Chrono Boost)  
  94  7:29  Nexus  
  94  7:31  Pylon, Zealot x2  
  94  7:36  Probe x2  
  100  7:37  Protoss Ground Armor Level 2 (Chrono Boost)  
  100  7:43  Zealot x3  
  106  7:47  High Templar x2  
  106  7:48  Zealot  
  112  7:52  Archon, Zealot x2  
  116  8:03  Immortal  
  116  8:05  Zealot x3  
  116  8:14  Zealot x3  
  116  8:18  Probe  
  116  8:19  Probe  
  118  8:21  Stargate  
  118  8:28  Zealot x3  
  124  8:40  Probe x2  
  123  8:52  Probe  
  120  8:57  Zealot x6  
  126  9:04  Pylon x2  
  126  9:06  Pylon  
  126  9:12  Protoss Ground Weapons Level 2 (Chrono Boost)  
  126  9:19  Nexus  
  126  9:20  Pylon  
  126  9:32  Robotics Bay, High Templar  
  126  9:33  Zealot, Robotics Facility, High Templar  
  126  9:36  Pylon  
  126  9:38  Pylon  
  132  9:40  Zealot x4  
  136  9:50  Archon  
  131  9:55  Zealot x2  
  133  10:05  Zealot x6  
  133  10:20  Zealot x2, Colossus (Chrono Boost)  
  119  10:26  Zealot x6  
  129  10:31  Disruptor (Chrono Boost)  
  118  10:36  Blink (Chrono Boost)  
  118  10:41  Stalker x2  
  118  10:43  Probe x2  
  118  10:44  Probe  
  119  10:50  Stalker x4  
  119  10:54  Probe  
  124  11:01  Probe x2  
  132  11:12  Colossus (Chrono Boost)  
  132  11:15  Zealot x4  
  132  11:16  Disruptor (Chrono Boost)  
  141  11:27  Assimilator  
  141  11:29  Shield Battery  
  141  11:30  Zealot x2, Assimilator  
  141  11:32  Shield Battery  
  143  11:35  Dark Shrine  
  143  11:37  Stalker x2  
  147  11:43  Stalker x2  
  141  11:56  Disruptor  
  141  11:58  Zealot x4  
  106  12:11  Stalker x2  
  106  12:12  Stalker x2  
  108  12:19  Colossus (Chrono Boost)  
  108  12:20  Probe  
  99  12:30  Stalker x2, Zealot x2  
  99  12:34  Disruptor (Chrono Boost)  
  103  12:42  Stalker x2  
  103  12:43  Zealot x2  
  103  12:55  Stalker x2, Sentry  
  103  12:56  Zealot  
  103  12:57  Pylon  
  110  13:00  Pylon  
  107  13:12  Zealot x3, Dark Templar  
  119  13:25  Zealot x3  
  119  13:26  Zealot  
Show
View Real Time Build Order
Export as new Build Order

LiquidClem Terran - Winner!

Build Orders: Banshee Rush 

Get SALT Encoding   

  12  0:00  SCV  
  13  0:12  SCV  
  14  0:16  Supply Depot  
  14  0:25  SCV  
  15  0:38  SCV  
  15  0:39  Barracks  
  16  0:42  Refinery  
  16  0:50  SCV  
  17  1:02  SCV  
  18  1:14  SCV  
  19  1:26  Orbital Command, Marine  
  20  1:43  Command Center  
  20  1:44  Barracks Reactor  
  20  1:50  Supply Depot  
  20  1:54  SCV  
  21  2:06  SCV, Factory  
  22  2:12  Refinery  
  22  2:18  SCV  
  22  2:20  Marine x2  
  25  2:30  SCV  
  26  2:38  Marine x2  
  26  2:42  SCV  
  29  2:51  Hellion, Starport  
  31  2:54  SCV  
  31  2:55  Orbital Command  
  31  2:57  Marine  
  33  3:01  Marine  
  34  3:06  SCV  
  35  3:14  Factory Tech Lab  
  35  3:15  Marine  
  35  3:18  Marine  
  35  3:19  SCV  
  38  3:20  SCV  
  38  3:26  Supply Depot  
  39  3:31  SCV  
  39  3:32  SCV  
  41  3:37  Factory Tech Lab  
  41  3:38  Cloaking Field  
  41  3:39  Banshee  
  44  3:43  SCV  
  44  3:44  SCV  
  44  3:48  Marine x2  
  48  3:49  Supply Depot  
  48  3:55  SCV  
  49  3:57  Cyclone  
  49  3:58  SCV  
  53  4:06  Marine  
  54  4:10  Supply Depot, Marine  
  54  4:11  SCV  
  54  4:14  SCV  
  55  4:21  Banshee  
  55  4:23  SCV, Marine  
  60  4:27  SCV  
  60  4:28  Marine  
  62  4:32  Siege Tank  
  62  4:36  SCV  
  62  4:37  Supply Depot  
  66  4:41  Command Center  
  66  4:43  SCV  
  66  4:44  Marine  
  68  4:46  Marine  
  68  4:48  SCV  
  68  4:51  Supply Depot  
  70  4:58  SCV  
  71  5:00  SCV  
  71  5:03  Barracks  
  71  5:04  Barracks  
  71  5:06  Siege Tank  
  75  5:10  Viking  
  75  5:12  Marine  
  75  5:13  Supply Depot, Marine  
  79  5:16  SCV  
  79  5:17  SCV  
  81  5:21  Refinery  
  81  5:27  Engineering Bay x2  
  81  5:29  SCV  
  81  5:31  Marine  
  81  5:32  SCV  
  81  5:34  Marine  
  85  5:38  Bunker  
  85  5:41  Bunker  
  85  5:49  Marine  
  86  5:52  Marine  
  86  5:54  Starport Reactor, Factory Reactor, Orbital Command  
  84  5:58  Combat Shield, Stimpack  
  84  6:02  Refinery  
  84  6:04  SCV  
  84  6:06  Marine  
  84  6:07  Marine  
  79  6:11  Marine  
  79  6:13  Marauder  
  73  6:21  Terran Infantry Weapons Level 1, Barracks x2  
  73  6:24  Marine  
  69  6:29  Marauder, Marine  
  69  6:31  SCV x2  
  69  6:32  Orbital Command  
  72  6:33  Widow Mine  
  72  6:34  Widow Mine  
  72  6:36  Terran Infantry Armor Level 1  
  72  6:39  Missile Turret  
  76  6:43  SCV x2, Marauder  
  80  6:47  Supply Depot, Medivac  
  80  6:49  Marine  
  80  6:50  Marine  
  84  6:55  SCV x2  
  84  6:57  Widow Mine  
  84  6:58  Missile Turret  
  84  6:59  Widow Mine  
  91  7:01  SCV  
  91  7:04  Medivac  
  91  7:07  SCV, Marine x2  
  91  7:08  Supply Depot, Marauder  
  97  7:09  Barracks Tech Lab  
  97  7:10  Barracks Reactor  
  97  7:12  SCV  
  97  7:14  SCV  
  96  7:18  Supply Depot  
  96  7:19  SCV  
  96  7:20  Widow Mine  
  99  7:24  Widow Mine  
  99  7:25  Medivac  
  99  7:27  Supply Depot  
  103  7:30  Marine x2  
  103  7:31  Supply Depot  
  103  7:32  Marauder  
  103  7:35  SCV x3  
  110  7:37  Concussive Shells  
  110  7:38  Marauder  
  110  7:39  Marauder  
  112  7:44  Missile Turret  
  112  7:47  Supply Depot  
  112  7:48  Widow Mine, Marine x2  
  116  7:55  Widow Mine  
  116  7:56  Marine  
  119  7:58  Supply Depot  
  119  7:59  Marauder x2  
  119  8:00  SCV x2  
  119  8:01  Armory  
  119  8:02  Marine x2  
  119  8:03  Medivac  
  127  8:08  Marine  
  127  8:09  Widow Mine, Marine  
  129  8:15  Marine  
  129  8:18  Widow Mine  
  117  8:20  Medivac  
  117  8:21  Marauder  
  117  8:23  SCV x2  
  117  8:24  Refinery x2  
  117  8:25  Ghost Academy  
  117  8:26  Marine  
  126  8:27  Marauder x2  
  126  8:29  Marine  
  126  8:30  Marine  
  126  8:33  Marine  
  129  8:35  SCV  
  125  8:42  Marauder  
  125  8:44  Marine  
  125  8:47  Armory, Marine x2  
  130  8:51  Marauder x2, Marine  
  130  8:55  Widow Mine x2  
  137  8:56  Medivac  
  137  9:02  Marine  
  140  9:03  SCV  
  140  9:05  Marine x2  
  140  9:06  Command Center  
  140  9:07  SCV x2  
  140  9:09  Marine  
  146  9:15  SCV, Supply Depot x2  
  147  9:19  Viking  
  147  9:20  Missile Turret  
  147  9:21  SCV, Widow Mine  
  147  9:23  Widow Mine  
  154  9:26  Terran Infantry Weapons Level 2  
  154  9:28  SCV  
  154  9:31  SCV  
  156  9:33  Marine x2  
  156  9:34  Marine x2  
  156  9:35  Marauder  
  156  9:37  Marauder  
  164  9:44  Terran Infantry Armor Level 2  
  162  9:48  Supply Depot x2, Ghost  
  162  9:52  Widow Mine  
  166  9:53  Marine x3  
  166  9:55  SCV, Ghost  
  168  10:01  Widow Mine  
  168  10:05  Marine  
  162  10:09  Liberator x2  
  162  10:13  Marine x2  
  169  10:15  Widow Mine  
  169  10:17  Marine  
  169  10:21  Barracks x3  
  170  10:23  SCV x3, Widow Mine  
  170  10:25  Ghost, Marine  
  168  10:33  Ghost, Marine x2  
  168  10:35  SCV, Marauder  
  171  10:36  Widow Mine  
  166  10:44  Planetary Fortress  
  166  10:48  Marine x2  
  168  10:56  SCV x2  
  163  10:58  Unknown, Marine  
  163  10:59  Marauder x2, Widow Mine  
  163  11:00  Missile Turret  
  163  11:01  SCV  
  169  11:05  Marine, Widow Mine  
  169  11:06  Marauder, Missile Turret  
  169  11:08  SCV  
  175  11:13  Barracks Tech Lab x3  
  175  11:16  Marine x2  
  177  11:23  SCV  
  177  11:25  Command Center  
  178  11:27  Terran Ship Weapons Level 1  
  178  11:33  Marauder x2  
  178  11:35  Marine x4  
  178  11:37  Widow Mine x2  
  178  11:38  Liberator x2  
  196  11:45  Starport  
  186  11:57  Marauder  
  183  12:06  Marauder x2, Marine x4  
  172  12:11  Marauder  
  172  12:13  Marine x2  
  166  12:17  Marine  
  158  12:24  Viking, Marine x3  
  158  12:27  Viking  
  153  12:30  Marine  
  153  12:31  Marauder x2  
  153  12:32  Viking x2  
  153  12:34  Marauder x2  
  153  12:36  Command Center  
  160  12:37  Command Center  
  155  12:48  Marine x2  
  155  12:49  Marauder x2  
  161  12:51  Marine x2  
  161  12:54  SCV, Medivac, Refinery  
  161  12:56  Missile Turret, Refinery  
  161  12:57  Medivac  
  166  13:03  Ghost  
  168  13:09  Marine x3  
Tags
 
Add a new tag
Caveats
  • Supply blocks, unpowered buildings, or Contaminate may cause inaccurate times.
  • Supply counts are checked every 10 seconds.